Cogmind - Beta 13 *** ADVENTURER MODE // 2024.04.01 @ 13:49:37 Player: Moja Result: Destroyed by G-47 Trooper with Particle Gun Performance ------------- Evolutions (2) 1000 Regions Visited (4) 800 Robots Destroyed (48) 240 Value Destroyed (1226) 1226 Prototype IDs (4) 80 Alien Tech Used (0) 0 Bonus (0) 0 TOTAL SCORE: 3346 Bonus ------- None Cogmind --------- Core Integrity 0/550 Matter 25/300 Energy 324/350 System Corruption 8% Temperature Cool (9) Movement Walking (400) Ox4 Location -8/Materials Parts ------- > --- POWER (2) -------- (None) > --- PROPULSION (3) --- Aluminum Leg > --- UTILITY (4) ------ High-capacity Storage Unit High-capacity Battery > --- WEAPON (2) ------- Light Assault Rifle Ripper > --- INVENTORY (20) --- Aluminum Leg Large Storage Unit Compact Matter Pod (150) Subdweller Optics Medium Laser Subdweller Laser Subdweller Laser Datajack Peak State ------------ > --- POWER ------------ Subdweller Power Source Nuclear Core > --- PROPULSION ------- Wheel Compact Wheel Compact Wheel > --- UTILITY ---------- High-capacity Storage Unit Signal Interpreter Utility Shielding Improved Light Armor Plating > --- WEAPON ----------- Heavy Particle Cannon Missile Launcher > --- INVENTORY -------- Light Deuterium Engine Compact Wheel Heat Sink Large Storage Unit High-capacity Battery Compact Matter Pod Subdweller Optics Targeting Computer Riot Gun Medium Laser Subdweller Laser Subdweller Laser Assault Rifle Assault Rifle Light Assault Rifle Battle Rifle Shock Bomb Launcher Datajack Ripper [Rating: 23] Favorites ----------- Power Light Ion Engine Engine Light Ion Engine Power Core Nuclear Core Propulsion Compact Wheel Treads Light Treads Leg Aluminum Leg Wheel Compact Wheel Hover Unit Hover Unit Utility High-capacity Storage Unit Device Heat Sink Storage High-capacity Storage Unit Processor Signal Interpreter Protection Scrap Shield Weapon Light Assault Rifle Energy Gun Medium Laser Energy Cannon Heavy Particle Cannon Ballistic Gun Light Assault Rifle Launcher Missile Launcher Special Weapon Mining Laser Slashing Weapon Ripper Build | -11 -10 -10 -10 -8 ------- Run | Yrd Mat Min Sub Mat Slots Evolved 4 | . . . . 4 Power 1 | . . . . 1 Propulsion 1 | . . . . 1 Utility 2 | . . . . 2 Weapon . | . . . . . Parts Attached 92 | 8 28 5 21 30 Power 12 | 1 2 . 5 4 Engine 10 | 1 2 . 5 2 Core 2 | . . . . 2 Reactor . | . . . . . Propulsion 35 | 4 16 1 9 5 Treads 7 | 2 2 . 3 . Leg 3 | . 2 . . 1 Wheel 23 | 2 10 1 6 4 Hover 2 | . 2 . . . Flight . | . . . . . Utility 12 | 1 5 . . 6 Device 1 | . . . . 1 Storage 6 | 1 4 . . 1 Processor 2 | . 1 . . 1 Hackware . | . . . . . Protection 3 | . . . . 3 Artifact . | . . . . . Weapon 33 | 2 5 4 7 15 Energy Gun 2 | 1 . . . 1 Energy Cannon 2 | . . . . 2 Ballistic Gun 21 | 1 5 3 6 6 Ballistic Cannon . | . . . . . Launcher 5 | . . . . 5 Special Weapon 1 | . . 1 . . Impact Weapon . | . . . . . Slashing Weapon 2 | . . . 1 1 Piercing Weapon . | . . . . . Special Melee Weapon . | . . . . . Unidentified Prototypes . | . . . . . Parts Lost 26 | . 1 1 6 18 Power 6 | . 1 . 2 3 Propulsion 9 | . . 1 4 4 Utility 4 | . . . . 4 Weapon 7 | . . . . 7 Highest Loss Streak 11 | . 1 1 4 11 To Critical Strikes . | . . . . . Average Slot Usage (%) 93 | . 92 99 99 78 Engine 12 | . 13 14 13 9 Treads 2 | . 5 . 2 . Wheel 22 | . 20 27 25 18 Storage 13 | . 14 14 14 11 Processor 11 | . 8 14 14 7 Protection 1 | . . . . 9 Energy Gun 1 | . 4 . . . Energy Cannon 1 | . . . . 5 Ballistic Gun 22 | . 22 28 26 11 Naked Turns . | . . . . . Heaviest Build 78 | 11 46 46 49 78 Greatest Support 46 | 40 40 26 40 46 Greatest Overweight (x) 18 | . 2 2 2 18 Average Overweight (x) . | . . 1 1 1 Largest Inventory Capacity 20 | 8 20 20 20 20 Average Capacity 18 | 7 17 20 20 20 Most Carried 20 | 8 19 18 20 20 Average Carried 15 | 6 13 17 19 16 Final Capacity 20 | 8 20 20 20 20 Final Carried 20 | 8 18 18 20 8 Class Distribution -------------------- 93% | Mutant 5% | Subdweller-Mutant Dominant Class ---------------- Mutant | -10/Materials Mutant | -10/Mines Mutant | -10/Subcaves Mutant | -8/Materials Resources | -11 -10 -10 -10 -8 ----------- Run | Yrd Mat Min Sub Mat Matter Collected 1348 | 284 326 107 218 413 Remotely . | . . . . . Salvage Created 1843 | 98 443 90 347 865 Parts 111 | 2 43 4 19 43 Haulers Intercepted 1 | . 1 . . . Recyclers Shooed 2 | . 1 . . 1 Parts Field Recycled . | . . . . . Retrieved Matter . | . . . . . Parts Self-Destructed 2 | . . . 2 . Prevented . | . . . . . Kills | -11 -10 -10 -10 -8 ------- Run | Yrd Mat Min Sub Mat Combat Hostiles Destroyed 34 | . 10 2 8 14 Melee 4 | . . . 4 . Guns 25 | . 10 2 4 9 Cannons 3 | . . . . 3 AOE 2 | . . . . 2 Classes Destroyed 9 | 2 5 . 1 1 Worker 3 | 1 2 . . . Builder 1 | . 1 . . . Hauler 1 | . 1 . . . Recycler 5 | 1 1 . . 3 Watcher 4 | . 2 . . 2 Swarmer 11 | . 6 . . 5 Grunt 14 | . 4 2 . 8 Hunter 1 | . . . . 1 Subdweller 8 | . . . 8 . Best Kill Streak 6 | 1 4 2 4 6 Combat Bots Only 6 | . 3 2 4 6 Max Kills in Single Turn 2 | 1 1 1 1 2 Gunslinging 1 | . . . . 1 Exploded 1 | . . . . 1 Melee 1 | . . . 1 . Uniques/NPCs Destroyed . | . . . . . Combat | -11 -10 -10 -10 -8 -------- Run | Yrd Mat Min Sub Mat Hostile Shots Fired 331 | . 72 10 63 186 Missed 78 | . 21 1 15 41 Damage Taken 3322 | . 387 90 981 1864 Core 791 | . 89 11 136 555 Absorbed by Shields . | . . . . . Redirected to Shielding 47 | . . . . 47 Ignored by Resistances 923 | . 125 28 271 499 Regen/Repaired (Parts) 148 | . 148 . . . Core Remaining (%) 52 | 100 . . 5 . Volleys Fired 140 | 4 57 11 12 56 Largest 2 | 2 2 2 2 2 Hottest 111 | 70 70 40 49 111 Shots Fired 266 | 8 114 22 23 99 Gun 227 | 8 114 22 23 60 Cannon 30 | . . . . 30 Launcher 9 | . . . . 9 Special . | . . . . . Kinetic 193 | 4 86 22 23 58 Thermal 62 | 4 28 . . 30 Explosive 4 | . . . . 4 Electromagnetic 7 | . . . . 7 Robot Hit Streak 14 | 6 14 14 12 13 Robot Miss Streak 3 | . 3 2 2 2 Penetration Max . | . . . . . Secondary Targets 4 | . 2 . . 2 Max Gunslinging Chain 1 | . 1 . . 1 Shots Hit Robots 204 | 6 83 15 30 70 Core Hits 90 | 3 32 6 14 35 Critical Kills 1 | . . . . 1 Critical Parts Destroyed . | . . . . . Critical Strikes 3 | . 1 . 1 1 Burn 1 | . 1 . . . Destroy 2 | . . . 1 1 Melee Attacks 9 | . . . 9 . Impact . | . . . . . Slashing 9 | . . . 9 . Piercing . | . . . . . Sneak Attacks . | . . . . . Combat Hostiles . | . . . . . Follow-up Attacks . | . . . . . Damage Inflicted 3142 | 66 774 146 618 1538 Guns 1892 | 66 773 146 322 585 Cannons 525 | . . . . 525 Explosions 428 | . . . . 428 Melee 296 | . . . 296 . Ramming 1 | . 1 . . . Kinetic 1569 | 15 536 146 322 550 Thermal 813 | 51 237 . . 525 Explosive 336 | . . . . 336 Electromagnetic 127 | . . . . 127 Impact . | . . . . . Slashing 296 | . . . 296 . Piercing . | . . . . . Highest Corruption 8 | . . . . 8 Average Corruption 1 | . . . . 1 Corruption Purged . | . . . . . Corruption Blocked . | . . . . . Effects 1 | . . . . 1 Matter Fused 1 | . . . . 1 Overload Shots . | . . . . . Overflow Damage 41 | . . . . 41 Projectiles 13 | . . . . 13 Explosions 28 | . . . . 28 Melee . | . . . . . Knockbacks . | . . . . . Impact . | . . . . . Kinetic . | . . . . . Secondary . | . . . . . Self-Inflicted Damage 81 | . . . . 81 Shots 3 | . . . . 3 Rammed 1 | . 1 . . . Targets Rammed 1 | . 1 . . . Kicked . | . . . . . Crushed . | . . . . . Highest Temperature 554 | 60 182 16 . 554 Average Temperature 133 | 27 52 10 . 198 Received Heat Transfer 1467 | . 138 66 291 972 Effects 23 | . . . . 23 Shutdowns 6 | . . . . 6 Energy Bleed 3 | . . . . 3 Interference 5 | . . . . 5 Matter Decay 1 | . . . . 1 Damage (minor) 1 | . . . . 1 Damage (major) 5 | . . . . 5 Damage (core) 2 | . . . . 2 Siege Activations . | . . . . . Robots Corrupted . | . . . . . Combat Hostiles . | . . . . . Parts Fried . | . . . . . Impact Corruptions . | . . . . . Robots Melted . | . . . . . Combat Hostiles . | . . . . . Parts Melted 2 | . 2 . . . Heat Transferred 1702 | 148 777 . . 777 Parts Sabotaged . | . . . . . Parts Stolen . | . . . . . Parts Stripped . | . . . . . Power Chain Reactions . | . . . . . Alert | -11 -10 -10 -10 -8 ------- Run | Yrd Mat Min Sub Mat Peak Influence 181 | 10 154 58 . 181 Initial 18 | . 5 18 . . Average 42 | 5 44 22 . 71 Maximum Alert Level . | . . . . . Low Security (%) 100 | 100 100 100 . 100 Level 1 . | . . . . . Level 2 . | . . . . . Level 3 . | . . . . . Level 4 . | . . . . . Level 5 . | . . . . . High Security . | . . . . . Max Security . | . . . . . Squads Dispatched 4 | . 1 . . 3 Investigation 1 | . 1 . . . Extermination . | . . . . . Reinforcement . | . . . . . Assault . | . . . . . Garrison 3 | . . . . 3 Intercept . | . . . . . Searches Triggered . | . . . . . Construction Impeded . | . . . . . Haulers Reinforced . | . . . . . Active Scanning Responses . | . . . . . Cargo Convoy Interrupts . | . . . . . Stealth | -11 -10 -10 -10 -8 --------- Run | Yrd Mat Min Sub Mat Distress Signals 2 | . 2 . . . Communications Jammed . | . . . . . Distress Signals . | . . . . . Times Spotted 52 | . 17 2 12 21 Peak Tracking Total 7 | . 4 2 7 5 Tactical Retreats . | . . . . . Traps | -11 -10 -10 -10 -8 ------- Run | Yrd Mat Min Sub Mat Traps Triggered 3 | . 2 . . 1 Indirectly . | . . . . . Trap Hack Attempts . | . . . . . Triggered . | . . . . . Disarmed . | . . . . . Reprogrammed . | . . . . . Reused . | . . . . . Traps Extracted . | . . . . . Installed . | . . . . . Triggered . | . . . . . Machines | -11 -10 -10 -10 -8 ---------- Run | Yrd Mat Min Sub Mat Machines Disabled 1 | . . . . 1 Max in Single Turn 1 | . . . . 1 Machines Repaired . | . . . . . Machines Dismantled . | . . . . . Machines Sabotaged . | . . . . . Overloaded Fab Kills . | . . . . . Hacking | -11 -10 -10 -10 -8 --------- Run | Yrd Mat Min Sub Mat Machines Accessed 5 | . 4 . . 1 Terminals 4 | . 3 . . 1 Fabricators . | . . . . . Repair Stations 1 | . 1 . . . Recycling Units . | . . . . . Scanalyzers . | . . . . . Garrison Access . | . . . . . Total Hacks 19 | . 17 . . 2 Successful 12 | . 10 . . 2 Failed 7 | . 7 . . . Catastrophic . | . . . . . Database Lockouts . | . . . . . Manual . | . . . . . Terminals 10 | . 8 . . 2 Fabricators . | . . . . . Repair Stations 9 | . 9 . . . Recycling Units . | . . . . . Scanalyzers . | . . . . . Garrison Access . | . . . . . Terminal Hacks 6 | . 4 . . 2 Prototype ID Bank 2 | . 2 . . . Emergency Access Points 1 | . 1 . . . Alert Level 1 | . . . . 1 Zone Layout 2 | . 1 . . 1 Fabricator Hacks . | . . . . . Repair Station Hacks 6 | . 6 . . . Scan Component 3 | . 3 . . . Repair 3 | . 3 . . . Recycling Unit Hacks . | . . . . . Scanalyzer . | . . . . . Garrison Access Hacks . | . . . . . Unauthorized Hacks . | . . . . . Terminals . | . . . . . Fabricators . | . . . . . Repair Stations . | . . . . . Recycling Units . | . . . . . Scanalyzers . | . . . . . Garrison Access . | . . . . . Data Cores Recovered . | . . . . . Used . | . . . . . Hacking Detections 4 | . 3 . . 1 Full Trace Events 1 | . 1 . . . Feedback Events . | . . . . . Feedback Blocked . | . . . . . Robot Schematics Acquired . | . . . . . Robots Built . | . . . . . Authchips . | . . . . . Time . | . . . . . Total Robot Build Rating . | . . . . . Part Schematics Acquired . | . . . . . Parts Built . | . . . . . Authchips . | . . . . . Time . | . . . . . Total Part Build Rating . | . . . . . Parts Repaired 3 | . 3 . . . Time 78 | . 78 . . . Parts Recycled . | . . . . . Recycled Matter . | . . . . . Retrieved Matter . | . . . . . Retrieved Components . | . . . . . Parts Scanalyzed . | . . . . . Part Schematics Acquired . | . . . . . Parts Damaged . | . . . . . Bothacking | -11 -10 -10 -10 -8 ------------ Run | Yrd Mat Min Sub Mat Used RIF Installer . | . . . . . Robots Hacked . | . . . . . Non-combat . | . . . . . Combat . | . . . . . Robot Hacks Applied . | . . . . . Relay Couplers Released . | . . . . . Fabnet Peak Effective % . | . . . . . Robots Rewired . | . . . . . Allies Hacked . | . . . . . Hacks Repelled . | . . . . . Allies | -11 -10 -10 -10 -8 -------- Run | Yrd Mat Min Sub Mat Total Allies . | . . . . . Largest Group . | . . . . . Highest-Rated Group . | . . . . . Highest-Rated Ally . | . . . . . Total Orders . | . . . . . Ally Attacks . | . . . . . Total Damage . | . . . . . Kills . | . . . . . Allies Corrupted . | . . . . . Allies Melted . | . . . . . Intel | -11 -10 -10 -10 -8 ------- Run | Yrd Mat Min Sub Mat Robot Analysis Total . | . . . . . Derelict Logs Recovered 1 | . . 1 . . Drone Launches . | . . . . . Drone Recoveries . | . . . . . Exploration | -11 -10 -10 -10 -8 ------------- Run | Yrd Mat Min Sub Mat Turns Passed 3233 | 229 947 514 928 615 Spaces Moved 2158 | 171 539 442 711 295 Core 18 | 7 . . . 11 Treads 136 | 45 79 . 12 . Legs 14 | . 12 . . 2 Wheels 1989 | 119 447 442 699 282 Hover 1 | . 1 . . . Flight . | . . . . . Fastest Speed 50 | 50 100 105 105 107 Average Speed 117 | 113 118 107 115 138 Slowest Speed 950 | 160 260 110 240 950 Overloaded Moves . | . . . . . Propulsion Burnouts . | . . . . . Robots Hopped . | . . . . . Cave-ins Triggered . | . . . . . Exploration Rate (%) 41 | 10 62 74 39 21 Regions Visited 4 Branch Regions 2 Pre-discovered Areas 1 | . . 1 . . Known Exits Taken 3 | . 1 1 1 . Unknown Exits Taken 1 | 1 . . . . Scrap Searched 2 | . . 1 1 . Spaces Dug . | . . . . . Terrain Destroyed 29 | . . . . 29 Melee . | . . . . . Projectile 7 | . . . . 7 AOE 22 | . . . . 22 Terrain Rammed . | . . . . . Walls Destroyed . | . . . . . Machines Disabled . | . . . . . Actions | -11 -10 -10 -10 -8 --------- Run | Yrd Mat Min Sub Mat Total 2585 | 197 743 459 782 404 Wait 87 | 1 78 1 3 4 Move 2154 | 170 538 441 710 295 Hop . | . . . . . Pick Up 70 | 14 28 1 16 11 Fast Attach 3 | . 2 . . 1 Attach 37 | 6 5 1 9 16 Detach 1 | . . . 1 . Swap 52 | 2 21 4 12 13 Drop 31 | . 13 . 10 8 Fire 140 | 4 57 11 12 56 Melee 9 | . . . 9 . Ram 1 | . 1 . . . Kick . | . . . . . Crush . | . . . . . Escape Stasis . | . . . . . Rewire . | . . . . . Trap . | . . . . . Miscellaneous . | . . . . . Route ------- -11/Scrapyard -10/Materials (discovered 2 exits: [*Mat] / *Min) -10/Mines -10/Subcaves -8/Materials History --------- Turn | Location | Event 5 | -11/Scrapyard | Discovered new exit (range 16) 230 | -11/Scrapyard | Entered Materials 317 | -10/Materials | Build established: Mutant 421 | -10/Materials | Discovered new exit (range 16) 714 | -10/Materials | Discovered new exit (range 7) 720 | -10/Materials | Identified exit to Mines 970 | -10/Materials | Repaired Lgt. Assault Rifle 998 | -10/Materials | Repaired Lgt. Treads 1045 | -10/Materials | Repaired Lgt. Assault Rifle 1177 | -10/Materials | Entered Mines 1275 | -10/Mines | Met a Derelict bent on vengeance 1569 | -10/Mines | Discovered new exit (range 8) 1582 | -10/Mines | Identified exit to Subcaves 1691 | -10/Mines | Entered Subcaves 1693 | -10/Subcaves | Shifting Twisted Machinery released Ripper 1782 | -10/Subcaves | Ambushed by swarm of Subdwellers 1787 | -10/Subcaves | Ambushed by Subdwellers from Twisted Machinery 1787 | -10/Subcaves | Ambushed by Subdwellers from Twisted Machinery 1838 | -10/Subcaves | Lost 4 allies 1839 | -10/Subcaves | Core integrity fell below 50% 1902 | -10/Subcaves | Lost 4 parts (2p2n) 2301 | -10/Subcaves | Shifting Twisted Machinery released Sub. Monowheel 2305 | -10/Subcaves | Discovered new exit (range 10) 2482 | -10/Subcaves | Core integrity fell below 20% 2510 | -10/Subcaves | Shifting Twisted Machinery released Sub. Power Source 2554 | -10/Subcaves | A swath of the cavern ceiling suddenly collapsed 2558 | -10/Subcaves | Identified exit to Materials 2619 | -10/Subcaves | Entered Materials 2619 | -8/Materials | Evolved 4 slots: Power x1, Propulsion x1, Utility x2 3018 | -8/Materials | Garrison activated, responded to threat 3057 | -8/Materials | Core integrity fell below 50% 3129 | -8/Materials | Lost 11 parts (2p4n2u3w) 3224 | -8/Materials | Core integrity fell below 20% 3234 | -8/Materials | Destroyed by G-47 Trooper with Particle Gun Last Messages --------------- Acquired 41 matter. Battle Rifle destroyed. Acquired Lgt. Nuclear Core. Assault Rifle destroyed. Critical hit (Burn: +37). G-47 Trooper destroyed. Destroyed Lgt. Nuclear Core. Targeting Computer destroyed. [Achievement: Let's See Who's Tougher] Door malfunctions. Missile Launcher destroyed. Destroyed Missile Launcher. K-01 Serf cleans the Matter Filter. Lgt. Nuclear Core destroyed. Shock Bomb Launcher destroyed. Utility Shielding destroyed. System corrupted by crushing effect (+4). System corrupted by crushing effect (+2). U-05 Engineer builds a Wall. K-01 Serf cleans the Matter Filter. Map ----- +----------------------------------------------------+ | | | | | | | ?????????????????????????????????????????????????? | | ?????????????????????????????????????????????????? | | ?????????????????????????????????????????????????? | | ?????????????????????????????????????????????????? | | ?????????????????????????????????????????????????? | | ?????????????????????????????????????????????????? | | ?????????????????????????????????????????????????? | | ???????????????????????##+#??????????????????????? | | ???????????????????###?# +?????????????????????? | | ???????????????????? # #?????????????????????? | | ????????????????????? # # "???????????????????? | | ?????????????????????? + # ??????????????????? | | ???????????????????????# #? ??????????????????? | | ???????????????????????# #? ????####??????????? | | ???????????? ########### ###+####"T"####???????? | | ??????????? =%[%/ ] ^ #???????? | | ??????????? *===[ +???????? | | ??????????? %[ * " #???????? | | ??????????????### !% * "G" #???????? | | ??????????????? # ^% ^ ^ !%"=" #####+##? | | ???????????????## [ [ s"""" *%[%== | | ???????????????# """" =*=[% | | ???????????????# = @ """" [[ = ######??? | | ????????????????# g b s ##??????? | | ???????????????# = # ?????? | | ???????????????## ##### #???????? | | ????????????????# + + ??????? | | ???????????????# ### # # ?????? | | ???????????????## ???# """"""" # =# ????? | | ??????????????? ????# """""""k/ !%# ""???? | | ?????????????? ?????# """"""" ########!#? ""???? | | ????????????? ??????# """"""" #??????? #??"????? | | ??????????????#???????# """"""" #??????? #???????? | | ??????????????????????# #??????# #???????? | | ??????????????????????###+#######??????# #???????? | | ????????????????????????# #????????????# #???????? | | ????????????????????????# #????????????# #???????? | | ????????????????????????# #????????????# #???????? | | ????????????????????????# #???????????## ##??????? | | ???????? ################ #???????????# #?## | | ??????? #?########### #?###### | | ??????? #?# # #??????? | | ?????? ### """ ## ##?###### | | ?????? ## """"" ## #??# | | ?????? ## """"" ## #??# """ | | ?????? ## """"" ## #??# """ | | ?????? ############## ## """ ## #??# """ | +----------------------------------------------------+ Best States ------------- Heat Dissipation 41 Energy Generation 25 Energy Capacity 530 Matter Stores 300 Matter Capacity 300 Sight Range 16 Terrain Scan Density 10 Armor Coverage 800 Resistance: KI 20 Resistance: TH 20 Resistance: EX 20 Resistance: EM 20 Resistance: I 20 Resistance: S 20 Resistance: P 20 Utility Shielding 33 Evasion (%) 40 Targeting Accuracy 5 Recoil Reduction 2 Offensive Hacking 10 Item Schematics ----------------- None Robot Schematics ------------------ None Fabricated ------------ Nothing Alien Tech Used ----------------- None Achievements -------------- Close Call Let's See Who's Tougher Challenges ------------ None Game ------ Seed ImprinterAlloyVibroblade Manual? 0 Play Time 00:42:44 Cumulative 4.4 hours Start 2024.04.01 @ 12:57:38 End 2024.04.01 @ 13:49:37 Sessions 1 Manual Loads 0 Difficulty Adventurer Special Mode None Game No. 4 Rogue 0 Adventurer 4 Explorer 0 Win Type - Total 0 Types 0/0/0/0/0/0/0/0/0 Lore% 5 Gallery% 12 Achievement% 11 Wizard Run 0 Options --------- Layout 1 ASCII 0 Keyboard 0 Movement Arrows Keybinds 0 Fullscreen 1 Font 32/Cog Map View 50x35 Zoom Use 0% Tactical HUD 0 Map Filters NONE Filters NONE Steam 1 RUN: 02763202-5aa2-4e98-8f1c-67ecc910c0ef